 Dungeon Crawl Stone Soup version 0.21-a0-625-g1119ec1 (webtiles) character file.

125681 tsouns the Carver (level 17, -3/162 HPs)
             Began as a Halfling Conjurer on Dec 23, 2017.
             Was the Champion of Hepliaklqana.
             Slain by a swamp worm (13 damage)
             ... called by a spriggan druid
             ... on level 2 of the Swamp on Dec 24, 2017.
             The game lasted 02:34:40 (31513 turns).

tsouns the Carver (Halfling Conjurer)              Turns: 31513, Time: 02:34:41

Health: -3/162     AC: 22    Str: 15    XL:     17   Next: 51%
Magic:  23/23      EV: 24    Int: 17    God:    Hepliaklqana [******]
Gold:   868        SH:  7    Dex: 17    Spells: 3/24 levels left

rFire    . . .     SeeInvis +   t - +8 long sword of Piecvut {slice, +Inv rC+ MR+}
rCold    + + .     Gourm    .   Z - +0 buckler
rNeg     . . .     Faith    +   s - +2 acid dragon scales
rPois    +         Spirit   .   l - +2 helmet
rElec    .         Reflect  .   z - +2 cloak
rCorr    +         Harm     .   i - +2 pair of gloves
MR       +++..                  I - +2 pair of boots
Stlth    ..........             C - amulet of faith
HPRegen  0.37/turn              q - ring "Koekhles" {rPois rC+ SInv}
MPRegen  0.18/turn              H - ring of protection from magic

@: berserking (expiring), very quick
A: small, reduced essence, mutation resistance 1
a: Recall Ancestor, Ancestor Identity, Transference, Idealise, Renounce
Religion, Evoke Invisibility


You were on level 2 of the Swamp.
You worshipped Hepliaklqana.
Hepliaklqana was exalted by your worship.
You were not hungry.

You visited 6 branches of the dungeon, and saw 28 of its levels.

You collected 3150 gold pieces.
You spent 2282 gold pieces at shops.

Inventory:

Hand Weapons
 e - a +1 scimitar of flaming
 t - the +8 long sword of Piecvut (weapon) {slice, +Inv rC+ MR+}
   (You found it on level 5 of the Dungeon)

   It inflicts extra damage upon your enemies.
   It protects you from cold.
   It affects your resistance to hostile enchantments.
   It lets you turn invisible.
Missiles
 w - 2 steel tomahawks (quivered)
 y - 5 throwing nets
Armour
 i - a +2 pair of gloves (worn)
 l - a +2 helmet (worn)
 s - +2 acid dragon scales (worn)
 z - a +2 cloak (worn)
 I - a +2 pair of boots (worn)
 Z - a +0 buckler (worn)
Jewellery
 q - the ring "Koekhles" (left hand) {rPois rC+ SInv}
   (You bought it in a shop on level 2 of the Orcish Mines)

   [ring of poison resistance]

   It protects you from cold.
   It protects you from poison.
   It lets you see invisible.
 C - an amulet of faith (around neck)
 H - a ring of protection from magic (right hand)
Wands
 n - a wand of enslavement (15)
 u - a wand of flame (112)
 x - a wand of acid (8)
 F - a wand of disintegration (22)
 L - a wand of iceblast (11)
 N - a wand of paralysis (15)
 O - a wand of digging (26)
 Q - a wand of polymorph (43)
 R - a wand of random effects (21)
 V - a wand of scattershot (4)
 W - a wand of clouds (5)
Scrolls
 a - 2 scrolls of teleportation
 b - 2 scrolls of blinking
 d - 3 scrolls of magic mapping
 f - 12 scrolls of identify
 g - 15 scrolls of remove curse
 B - a scroll of fear
 D - 4 scrolls of enchant weapon
 G - 9 scrolls of amnesia
 P - 2 scrolls of immolation
 X - a scroll of fog
Potions
 h - a potion of magic
 j - 12 potions of curing
 k - 2 potions of might
 m - 3 potions of flight
 o - 2 potions of resistance
 p - 3 potions of haste
 r - a potion of heal wounds
 v - 5 potions of lignification
 A - 3 potions of agility
 E - 2 potions of invisibility
 J - 2 potions of ambrosia
 K - 3 potions of mutation
 M - 2 potions of brilliance
Books
 S - a book of Maledictions

   Spells                             Type                      Level
   a - Corona                         Hexes                        1
   b - Ensorcelled Hibernation        Hexes/Ice                    2
   c - Confuse                        Hexes                        3
   d - Tukima's Dance                 Hexes                        3
   e - Dazzling Spray                 Conjuration/Hexes            3
Miscellaneous
 Y - a lamp of fire
Comestibles
 c - 33 rations


   Skills:
 + Level 12.9 Fighting
   Level 4.2(11.6) Short Blades
 - Level 13.9(14.1) Long Blades
 - Level 6.0 Armour
 - Level 13.6 Dodging
 - Level 11.1 Stealth
 - Level 5.9 Shields
 + Level 4.4 Spellcasting
 - Level 5.6 Conjurations
 + Level 4.3 Hexes
 + Level 8.7 Invocations
 - Level 7.4 Evocations


You had 3 spell levels left.
You knew the following spells:

 Your Spells              Type           Power        Failure   Level  Hunger
a - Magic Dart            Conj           ###.         1%          1    None
b - Searing Ray           Conj           ###...       3%          2    ##.....
c - Dazzling Spray        Conj/Hex       ###...       8%          3    ###....
d - Iskenderun's Mystic   Conj           ###.....     21%         4    ####...
e - Cause Fear            Hex            ###.......   34%         4    ####...
f - Fulminant Prism       Conj/Hex       ###.......   26%         4    ####...
g - Confuse               Hex            ###.....     11%         3    ###....


Dungeon Overview and Level Annotations

Branches:
Dungeon (15/15)            Temple (1/1) D:4            Lair (6/6) D:10
  Swamp (2/4) Lair:2        Snake (2/4) Lair:2        Slime (0/5) Lair:6
    Orc (2/2) D:11            Elf (0/3) Orc:2        Vaults (0/5) D:13
 Depths (0/5) D:15

Altars:
Ashenzari
Cheibriados
Dithmenos
Elyvilon
Fedhas
Gozag
Hepliaklqana
Kikubaaqudgha
Makhleb
Nemelex Xobeh
Okawaru
Qazlal
Ru
Sif Muna
Trog
Uskayaw
Vehumet
Wu Jian
Xom
Yredelemnul
Zin
The Shining One
Beogh

Shops:
D:7 =   D:8 ?   D:11 [*((   D:13 }   D:14 :(}:   Orc:2 ==::   Snake:1 [[(?

Portals:
Trove: D:15 (give 18 scrolls of identify)

Annotations:
D:15 exclusion: Roxanne, Roxanne
Lair:1 exclusion: 4 oklob plants


Innate Abilities, Weirdness & Mutations

You are small and have problems with some larger weapons.
You are somewhat resistant to further mutation.
Your life essence is reduced to manifest your ancestor. (-10% HP)


Message History

The komodo dragon seems to grow more fierce.
You kill the spriggan druid!
The forest abruptly stops moving.
The swamp worm barely misses Marketa.
You slash the komodo dragon!
The komodo dragon is moderately wounded.
Marketa hits the komodo dragon with a dagger of draining.
Marketa drains the komodo dragon!
The komodo dragon completely misses you.
You slash the komodo dragon!
The komodo dragon is severely wounded.
The swamp worm bites Marketa!!!
Marketa is destroyed!
You barely miss the komodo dragon.
The komodo dragon is severely wounded.
A large slime creature splits.
The komodo dragon completely misses you.
You slash the komodo dragon!
You kill the komodo dragon!
The swamp worm bites you!
You die...

..≈≈§. ♣♣♣♣ ......
♣♣≈.♣♣♣.≈≈... ♣.≈...≈.≈....
♣.≈≈.≈≈...≈≈≈ ♣..≈≈≈≈≈.≈≈≈≈
♣♣♣♣♣ ♣≈.≈≈≈≈..≈≈≈ ♣.≈.♣
♣♣♣♣♣♣♣♣....J<≈≈≈≈ ♣.≈≈♣
♣♣♣..†≈♣♣@wJ..≈♣.§≈≈
♣≈..♣♣♣♣.≈..)...≈J)♣..≈≈≈.♣
♣♣..>...≈≈≈.≈≈≈≈≈J.♣♣.≈≈≈.♣
♣≈.≈≈≈≈≈≈≈≈≈≈≈≈≈..♣ ≈.≈.♣♣
♣♣>.≈≈≈≈≈≈≈≈≈≈≈.♣♣≈♣♣♣..♣♣♣♣
♣♣..≈≈≈≈≈≈≈≈≈..♣ ♣♣ ♣..≈≈♣♣
♣....≈§§.....≈♣♣♣♣♣♣♣..≈≈≈♣♣
♣≈.....≈≈.≈≈♣♣≈≈.§≈≈.§≈≈≈.≈♣
♣♣♣♣♣♣♣..♣.≈.♣.♣♣♣♣.≈≈≈≈≈≈≈≈.≈♣


You could see a very large slime creature, 3 slime creatures and a swamp worm.

Vanquished Creatures
  Rupert (D:15)
  Nessos (D:15)
  A fire dragon (Lair:6)
  The ghost of Feta the Geomancer, a journeyman DgEE (Orc:2)
  2 naga warriors (Snake:1)
  The ghost of Doomer the Cleaver, a journeyman MiFi of Nemelex Xobeh (D:10)
  Harold (D:12)
  3 vault guards (D:13)
  An ice dragon (Lair:6)
  A rakshasa (D:13)
  A centaur warrior (D:15)
  6 hydras
  5 ghost crabs
  2 catoblepae
  2 anacondas (Snake:1)
  11 two-headed ogres
  2 tengu warriors
  3 alligators
  4 death yaks
  5 orc high priests (Orc:2)
  Urug (D:15)
  Nergalle (D:10)
  2 spriggan druids
  3 wizards (D:13)
  A swamp dragon (Lair:6)
  A shambling mangrove (Swamp:1)
  A lindwurm (Lair:6)
  2 necromancers (D:13)
  8 orc knights
  2 deep elf magi
  2 cyclopes
  A wolf spider (Lair:5)
  2 orc sorcerers (Orc:2)
  6 ugly things
  3 mana vipers (Snake:1)
  4 naga magi (Snake:1)
  A salamander (D:15)
  A manticore (D:11)
  6 black mambas
  3 apocalypse crabs (Swamp:1)
  4 elephants (Lair:5)
  4 torpor snails (Lair:6)
  3 centaur zombies
  Maurice (D:10)
  12 spiny frogs
  3 rime drakes
  A kobold demonologist (D:13)
  9 komodo dragons
  An efreet (D:15)
  A yaktaur (D:14)
  3 tengu conjurers
  A troll (shapeshifter) (D:15)
  A queen bee (D:15)
  2 polar bears
  10 hornets
  4 trolls
  3 meliai (D:15)
  4 tyrant leeches
  A blink frog (shapeshifter) (D:14)
  A meliai zombie (D:14)
  10 hippogriffs
  3 blink frogs (Lair:5)
  9 slime creatures
  A bog body (Swamp:1)
  2 shadows
  A spriggan (Swamp:2)
  32 yaks
  Sigmund (D:5)
  3 wraiths
  2 wyverns
  6 basilisks
  4 hogs (D:7)
  16 humans
  4 steam dragons
  8 vampire mosquitoes
  7 nagas
  2 acid dragons
  5 swamp worms
  4 wargs
  4 soldier ants
  11 water moccasins
  2 hell hounds (D:10)
  40 orc warriors
  7 porcupines
  6 swamp drakes
  Duvessa (D:5)
  6 sky beasts
  2 eyes of draining
  6 ice beasts
  4 necrophages
  2 phantoms
  6 wolves
  6 ogres
  5 centaurs
  3 big kobolds
  12 crocodiles
  10 bullfrogs
  An elf zombie (D:7)
  A water moccasin zombie (D:6)
  2 scorpions
  A hexer (D:13)
  25 killer bees
  4 howler monkeys
  3 wights (D:9)
  4 crimson imps
  A bullfrog zombie (D:12)
  19 orc priests
  7 human zombies (D:7)
  6 hounds
  4 centaur skeletons
  2 jellies (D:10)
  9 orc wizards
  Jessica (D:2)
  Ijyb (D:2)
  A human skeleton (D:7)
  2 iguanas
  3 worker ants
  A killer bee zombie (D:10)
  A hound zombie (D:6)
  A hound skeleton (D:9)
  18 adders
  3 howler monkey skeletons
  20 gnolls
  3 shadow imps
  2 oozes
  An adder zombie (D:9)
  An adder skeleton (D:4)
  3 worms
  2 dart slugs (D:1)
  5 leopard geckos
  84 orcs
  5 bats
  8 giant cockroaches
  8 goblins
  8 hobgoblins
  8 jackals
  35 kobolds
  4 quokkas
  5 frilled lizards
  A jackal skeleton (D:5)
  2 quokka skeletons
  5 rats
  5 plants
763 creatures vanquished.

Vanquished Creatures (collateral kills)
  A hydra (D:11)
  A catoblepas (Lair:5)
  An anaconda (Snake:1)
  A two-headed ogre (Orc:1)
  A shock serpent (Snake:1)
  A swamp dragon (Swamp:1)
  A lindwurm (Lair:6)
  An orange crystal statue (D:13)
  3 oklob plants (Lair:6)
  A cyclops (D:15)
  2 apocalypse crabs (Swamp:1)
  A salamander (Snake:1)
  A black mamba (Lair:6)
  An ice statue (D:13)
  A centaur skeleton (D:14)
  A rime drake (Lair:6)
  A spiny frog (Lair:6)
  2 komodo dragons
  A komodo dragon (shapeshifter) (D:15)
  A harpy zombie (D:14)
  A troll (D:13)
  A bog body (Swamp:2)
  5 blink frogs
  A tyrant leech (Swamp:1)
  4 hippogriffs
  6 slime creatures
  5 yaks
  A wyvern (D:15)
  A human (D:13)
  A basilisk (D:15)
  3 swamp worms
  A vampire mosquito (Swamp:2)
  Menkaure (D:5)
  An acid dragon (Lair:6)
  4 nagas
  3 water moccasins
  A swamp drake (Swamp:1)
  5 orc warriors
  A sky beast (D:6)
  An eye of draining (D:14)
  3 ogres
  5 wolves
  3 centaurs (D:14)
  3 bullfrogs
  Dowan (D:5)
  2 scorpions (D:5)
  5 killer bees (D:15)
  A bullfrog zombie (D:6)
  A hound (D:6)
  2 jellies
  5 orc priests
  A human skeleton (D:7)
  2 orc wizards
  2 worker ants
  2 gnolls
  2 adders (Lair:5)
  2 adder skeletons (D:5)
  22 orcs
  A giant cockroach (D:5)
  A hobgoblin (Orc:1)
  A jackal skeleton (D:4)
  7 kobolds
  2 plants
147 creatures vanquished.

Vanquished Creatures (others)
  A spriggan druid (Swamp:1)
  A shadow (D:14)
  A crocodile (D:14)
  A jelly (D:14)
  36 hexers
  A bush (Lair:4)
  12 fungi
  35 plants
88 creatures vanquished.

Grand Total: 998 creatures vanquished

Notes
Turn   | Place    | Note
-------+----------+-------------------------------------------
     0 | D:1      | tsouns the Halfling Conjurer began the quest for the Orb.
     0 | D:1      | Reached XP level 1. HP: 11/11 MP: 3/3
   115 | D:1      | Reached XP level 2. HP: 8/17 MP: 4/4
   304 | D:1      | Reached skill level 1 in Short Blades
   460 | D:1      | Reached XP level 3. HP: 21/21 MP: 0/5
   741 | D:2      | Noticed Jessica
   744 | D:2      | Killed Jessica
   744 | D:2      | Reached XP level 4. HP: 13/27 MP: 2/6
   985 | D:2      | Noticed Ijyb
  1050 | D:2      | Killed Ijyb
  1188 | D:2      | Learned a level 2 spell: Searing Ray
  1192 | D:2      | Learned a level 3 spell: Dazzling Spray
  1421 | D:2      | Reached XP level 5. HP: 31/31 MP: 4/7
  2598 | D:3      | Found a deep blue altar of Sif Muna.
  2642 | D:3      | Found a deep blue altar of Sif Muna.
  2965 | D:4      | Reached skill level 1 in Fighting
  2972 | D:4      | Reached XP level 6. HP: 31/38 MP: 5/8
  3144 | D:4      | Found a staircase to the Ecumenical Temple.
  3153 | Temple   | Entered the Ecumenical Temple
  3247 | Temple   | Became a worshipper of Hepliaklqana the Forgotten
  3475 | D:4      | Noticed an ogre
  3482 | D:4      | Killed an ogre
  3505 | D:4      | Reached XP level 7. HP: 40/40 MP: 2/9
  3801 | D:5      | Entered Level 5 of the Dungeon
  3813 | D:5      | Got a crystal long sword
  3817 | D:4      | Identified the +8 long sword of Piecvut {slice, +Inv rC+ MR+} (You found it on level 5 of the Dungeon)
  3826 | D:5      | Reached * piety under Hepliaklqana
  3891 | D:5      | Reached skill level 1 in Invocations
  3891 | D:5      | Reached skill level 1 in Evocations
  3982 | D:5      | Reached XP level 8. HP: 23/45 MP: 6/10
  4229 | D:5      | Noticed Menkaure
  4236 | D:5      | Noticed Sigmund
  4257 | D:5      | Killed Menkaure
  4568 | D:5      | Killed Sigmund
  4694 | D:5      | Noticed Duvessa
  4698 | D:5      | Noticed Dowan
  4707 | D:5      | Killed Duvessa
  4708 | D:5      | Killed Dowan
  4708 | D:5      | Reached skill level 5 in Long Blades
  4843 | D:6      | Found a stormy altar of Qazlal.
  4843 | D:6      | Found an opulent altar of Gozag.
  4845 | D:6      | Found a radiant altar of Vehumet.
  4888 | D:6      | Reached XP level 9. HP: 48/48 MP: 11/11
  4970 | D:6      | You fall through a shaft!
  5001 | D:7      | HP: 2/49 [centaur/arrow (16)]
  5055 | D:7      | Learned a level 4 spell: Iskenderun's Mystic Blast
  5506 | D:7      | Found a basalt altar of Yredelemnul.
  5545 | D:7      | Found Cuxeuck's Jewellery Shop.
  5641 | D:7      | Reached ** piety under Hepliaklqana
  5642 | D:7      | Remembered your ancestor Marketa as a hexer
  5842 | D:6      | Reached XP level 10. HP: 39/58 MP: 8/13
  5883 | D:6      | Reached skill level 5 in Fighting
  6579 | D:7      | Reached *** piety under Hepliaklqana
  7137 | D:8      | Found Kochoba's Magic Scroll Boutique.
  7140 | D:8      | Bought a scroll of enchant armour for 120 gold pieces
  7140 | D:8      | Bought a scroll of fear for 56 gold pieces
  7140 | D:8      | Bought a scroll of teleportation for 48 gold pieces
  7692 | D:9      | Reached **** piety under Hepliaklqana
  7821 | D:9      | Noticed a two-headed ogre
  7836 | D:9      | Killed a two-headed ogre
  7836 | D:9      | Reached skill level 10 in Long Blades
  7965 | D:9      | Noticed a two-headed ogre
  7985 | D:9      | Killed a two-headed ogre
  7985 | D:9      | Reached skill level 5 in Dodging
  7985 | D:9      | Reached XP level 11. HP: 58/66 MP: 7/14
  8375 | D:9      | Noticed a two-headed ogre
  8386 | D:9      | Killed a two-headed ogre
  8386 | D:9      | Reached skill level 1 in Hexes
  8438 | D:10     | Entered Level 10 of the Dungeon
  8553 | D:10     | Reached skill level 5 in Conjurations
  8596 | D:10     | Noticed Doomer's ghost (journeyman MiFi)
  8615 | D:10     | Killed Doomer's ghost
  8621 | D:10     | Noticed a two-headed ogre
  8629 | D:10     | Killed a two-headed ogre
  8681 | D:10     | Found a staircase to the Lair.
  8686 | D:10     | Noticed a two-headed ogre
  8701 | D:10     | Killed a two-headed ogre
  9150 | D:10     | Reached ***** piety under Hepliaklqana
  9223 | D:10     | Noticed Maurice
  9261 | D:10     | Killed Maurice
  9261 | D:10     | Reached XP level 12. HP: 54/72 MP: 4/16
  9309 | D:10     | Noticed Nergalle
  9715 | D:10     | Killed Nergalle
 10108 | Lair:1   | Entered Level 1 of the Lair of Beasts
 10727 | Lair:1   | Got a scorched steel ring
 10728 | Lair:1   | Identified the ring of the Will of the Gods {+Fly MP+9 Dex+2} (You found it on level 1 of the Lair of Beasts)
 10826 | Lair:1   | Reached skill level 5 in Evocations
 11284 | Lair:2   | Found a staircase to the Swamp.
 11713 | Lair:2   | Found a staircase to the Snake Pit.
 11724 | Lair:2   | Reached skill level 5 in Stealth
 11818 | Lair:2   | Reached ****** piety under Hepliaklqana
 12035 | Lair:3   | Found a blossoming altar of Fedhas.
 12117 | Lair:3   | Reached skill level 5 in Invocations
 12238 | Lair:3   | Noticed a seven-headed hydra
 12246 | Lair:3   | Killed a seven-headed hydra
 12926 | Lair:3   | Reached XP level 13. HP: 79/79 MP: 18/18
 13484 | Lair:3   | Learned a level 4 spell: Cause Fear
 13566 | Lair:4   | Noticed a five-headed hydra
 13578 | Lair:4   | Killed a five-headed hydra
 13698 | Lair:4   | Noticed an eight-headed hydra
 13733 | Lair:4   | Killed a 16-headed hydra
 13802 | Lair:4   | Noticed an eight-headed hydra
 13817 | Lair:4   | Killed an eight-headed hydra
 14631 | Lair:5   | Noticed a catoblepas
 14728 | Lair:5   | HP: 3/81 [catoblepas (33)]
 15348 | Lair:5   | Reached XP level 14. HP: 45/87 MP: 16/19
 15877 | D:11     | Found Sonoleng's Assorted Antiques.
 15885 | D:11     | Bought a sharpened wooden wand for 112 gold pieces
 15885 | D:11     | Bought a murky yellow potion for 25 gold pieces
 15885 | D:11     | Bought 2 potions of curing for 168 gold pieces
 15885 | D:11     | Bought a potion of curing for 84 gold pieces
 15885 | D:11     | Bought a scroll of identify for 56 gold pieces
 16043 | D:11     | Found Ludgh's Armour Shop.
 16307 | D:11     | Found a staircase to the Orcish Mines.
 16342 | D:11     | Found Poetied's Antique Weapon Shop.
 16553 | D:11     | Found Lesen's Weapon Boutique.
 16791 | D:11     | Learned a level 4 spell: Fulminant Prism
 16839 | D:12     | Got a transparent robe
 16840 | D:12     | Identified the +2 robe "Xokhlos" {rPois MR+ Str-4} (You found it on level 12 of the Dungeon)
 16917 | D:12     | Noticed Harold
 16933 | D:12     | Killed Harold
 16933 | D:12     | Reached skill level 10 in Dodging
 17639 | D:13     | Reached skill level 10 in Fighting
 18020 | D:13     | Found a gate to the Vaults.
 18669 | D:13     | Reached skill level 1 in Shields
 18999 | D:13     | Found Zuivia's Gadget Shoppe.
 19003 | D:13     | Bought a lamp of fire for 560 gold pieces
 19116 | D:13     | Identified the +1 robe "Teodwi" {*Drain rElec Int-5 Dex+8} (You found it on level 13 of the Dungeon)
 19232 | D:14     | Found Cos Maba's Antique Weapon Shoppe.
 19232 | D:14     | Found Ciokk's Book Shoppe.
 19232 | D:14     | Found Silil's Book Shoppe.
 19246 | D:14     | Found Noicenumi's Gadget Shoppe.
 19254 | D:14     | Reached XP level 15. HP: 94/94 MP: 12/21
 19550 | D:14     | Found a glowing golden altar of the Shining One.
 19640 | D:14     | Reached skill level 5 in Shields
 19855 | D:13     | Found a glowing silver altar of Zin.
 20262 | D:15     | Entered Level 15 of the Dungeon
 20639 | D:15     | Found a staircase to the Depths.
 20666 | D:15     | Noticed Rupert
 20697 | D:15     | Killed Rupert
 20739 | D:15     | Noticed Urug
 20754 | D:15     | Killed Urug
 20866 | D:15     | Noticed Roxanne
 20996 | D:15     | Found a portal to a secret trove of treasure.
 21065 | D:15     | Noticed Nessos
 21083 | D:15     | Killed Nessos
 22203 | Lair:6   | Entered Level 6 of the Lair of Beasts
 22549 | Lair:6   | Found a staircase to the Slime Pits.
 22638 | Lair:6   | Reached XP level 16. HP: 85/101 MP: 22/22
 22725 | Lair:6   | Found a runed door.
 22774 | Lair:6   | Reached skill level 10 in Stealth
 24668 | Orc:1    | Entered Level 1 of the Orcish Mines
 24939 | Orc:1    | Reached skill level 1 in Armour
 25657 | Orc:2    | Entered Level 2 of the Orcish Mines
 25751 | Orc:2    | Found a staircase to the Elven Halls.
 26418 | Orc:2    | Noticed Feta's ghost (journeyman DgEE)
 26440 | Orc:2    | Killed Feta's ghost
 27295 | Orc:2    | Reached skill level 5 in Armour
 27347 | Orc:2    | Found Leheitod's Book Emporium.
 27350 | Orc:2    | Found Dianisish's Jewellery Emporium.
 27351 | Orc:2    | Found Cetoa's Book Emporium.
 27352 | Orc:2    | Found Ruconag's Jewellery Shoppe.
 27358 | Orc:2    | Bought the ring "Koekhles" {rPois rC+ SInv} for 573 gold pieces
 27433 | Orc:2    | Found a roughly hewn altar of Beogh.
 28142 | Snake:1  | Entered Level 1 of the Snake Pit
 28216 | Snake:1  | Found a shimmering altar of Xom.
 28783 | Snake:1  | Reached XP level 17. HP: 63/108 MP: 23/23
 28897 | Snake:1  | Found Jouva's Antique Armour Boutique.
 28917 | Snake:1  | Found Voudgh's Magic Scroll Shop.
 28917 | Snake:1  | Found Mowkar's Armour Boutique.
 28922 | Snake:1  | Found Vipecing's Weapon Shop.
 28929 | Snake:1  | Bought a scroll of blinking for 112 gold pieces
 28929 | Snake:1  | Bought a scroll of blinking for 112 gold pieces
 28933 | Snake:1  | Identified a scroll of acquirement
 28946 | Snake:1  | Bought an embroidered scarf for 256 gold pieces
 29556 | Swamp:1  | Entered Level 1 of the Swamp
 29571 | Swamp:1  | Learned a level 3 spell: Confuse
 29571 | Swamp:1  | Upgraded the game from 0.21-a0-621-gc60411f to 0.21-a0-625-g1119ec1
 30260 | Swamp:1  | Found a runed door.
 31513 | Swamp:2  | Slain by a swamp worm

Vault maps used:
D:1:      mrwooster_arrival_statue_2, minmay_tromino_v2
D:2:      kennysheep_the_goblin_king, first_ration, wad_orctagon, uniq_jessica
D:3:      nicolae_overflow_crystal_walls, minmay_strange_pillars, led_sif_pool
D:4:      minmay_temple_entry_overgrown
D:5:      hangedman_abyss_or_decor_stagger, uniq_menkaure, uniq_duvessa,
          uniq_sigmund
D:6:      cheibrodos_fzero, gammafunk_temple_overflow_forgotten,
          portal_sewer_entry_d
D:7:      kennysheep_kobold_camp, serial_shops, shop_statue, grunt_livestock,
          hangedman_decor_riveting, lemuel_mausoleum_altar_yredelemnul
D:8:      serial_shops, nicolae_shop_behind_doors
D:9:      lightli_fourway_metalbox
D:10:     minmay_lair_entry_lava, uniq_maurice, uniq_nergalle
D:11:     david_orc_4, serial_shops, shop, shop, nicolae_shop_behind_doors, shop
D:12:     grunt_ministairs_6, uniq_harold
D:13:     lemuel_upstairs_altar, grunt_vaults_entry_tiered, serial_shops, shop,
          david_greed
D:14:     minmay_connected_triangles_in_corner, minmay_shop_grid_forest,
          lemuel_centaur_altar
D:15:     hangedman_depths_entry_try_elsewhere_first, enter_trove_2,
          special_room, uniq_roxanne, uniq_rupert, uniq_urug, uniq_nessos
Temple:   compressed_dpeg_circular_temple
Lair:1:   beast_lair_carwin_2, minmay_lair_oklob_chamber, grunt_megastairs_4,
          lemuel_fruit_fields
Lair:2:   swamp_mist_pool, guppyfry_snake_entry_island
Lair:3:   cheibrodos_lair_river_kwai, basic_altar
Lair:4:   serial_bayou_shore_b, grunt_megastairs_2
Lair:5:   minmay_lair_venomous_thicket, nicolae_lair_yak_garden
Lair:6:   wormcave, guppyfry_lair_end_dragon, minmay_slime_entry_oklob_enclosed,
          grunt_megastairs_5
Swamp:1:  gammafunk_mikee_crab_dinner, evilmike_swamp_ruin_rubble_1, swamp_pool5
Swamp:2:  hangedman_swamp_pad, swamp_pool1, statue_in_the_mist_lemuel
Snake:1:  basic_altar, serial_bayou_shore_b, minmay_shoptagon
Snake:2:  special_room
Orc:1:    cheibrodos_orc_bank
Orc:2:    st_orc_pillars, basic_altar, portal_ice_cave_entry_pillars_1

Skill      XL: |  1  2  3  4  5  6  7  8  9 10 11 12 13 14 15 16 17 |
---------------+----------------------------------------------------+-----
Short Blades   | 1 2 3 4 |  4.2
Stealth        | 3 4 5 9 11 | 11.1
Conjurations   | 4 5 |  5.6
Fighting       | 1 2 4 6 7 8 9 10 11 12 | 12.9
Long Blades    | 3 5 8 10 11 12 13 | 13.9
Invocations    | 1 3 5 7 8 |  8.7
Evocations     | 1 3 4 5 7 |  7.4
Dodging        | 5 6 7 9 11 12 13 | 13.6
Spellcasting   | 3 4 |  4.4
Hexes          | 2 3 4 |  4.3
Shields        | 3 5 |  5.9
Armour         | 5 6 |  6.0

Action                   |  1- 3 |  4- 6 |  7- 9 | 10-12 | 13-15 | 16-18 || total
-------------------------+-------+-------+-------+-------+-------+-------++-------
Melee: Dagger            |    25 |   172 |     2 |       |       |       ||   199
       Long sword        |       |       |   152 |   536 |  1030 |  1077 ||  2795
       Scimitar          |       |       |       |       |     4 |     5 ||     9
 Cast: Magic Dart        |    17 |    68 |    54 |    64 |    31 |       ||   234
       Searing Ray       |       |     6 |     9 |    10 |     2 |       ||    27
       Dazzling Spray    |       |       |       |    30 |    12 |     5 ||    47
       Iskenderun's Myst |       |       |       |       |    15 |     3 ||    18
Invok: Ancestor Identity |       |     1 |       |       |       |       ||     1
       Recall Ancestor   |       |       |     1 |     1 |     3 |       ||     5
       Ancestor Life: He |       |       |     1 |       |       |       ||     1
       Idealise          |       |       |       |       |    19 |     3 ||    22
       Transference      |       |       |       |       |     3 |       ||     3
 Abil: Evoke Invisibilit |       |       |     2 |     1 |       |       ||     3
Evoke: Wand              |       |       |     1 |     5 |    26 |     7 ||    39
       Lamp of fire      |       |       |       |       |     1 |       ||     1
  Use: Scroll            |       |    14 |    12 |    11 |     9 |    12 ||    58
       Potion            |       |       |     4 |       |     4 |     6 ||    14
 Stab: Sleeping          |       |     3 |     8 |     7 |    13 |    20 ||    51
       Distracted        |       |       |     2 |     4 |     9 |    12 ||    27
       Invisible         |       |       |     2 |    13 |     3 |     2 ||    20
       Confused          |       |       |       |     7 |    14 |    11 ||    32
       Paralysed         |       |       |       |    14 |    20 |    57 ||    91
  Eat: Chunk             |       |    11 |     5 |    10 |     7 |       ||    33
       Ration            |       |       |     2 |     5 |    10 |     8 ||    25
Armor: Robe              |     3 |    37 |    41 |   106 |   138 |    17 ||   342
       Skin              |       |       |       |       |    13 |       ||    13
       Acid dragon scale |       |       |       |       |       |   151 ||   151
       Steam dragon scal |       |       |       |       |       |     6 ||     6
Dodge: Dodged            |    15 |   122 |   110 |   379 |   706 |   637 ||  1969
Block: Buckler           |       |       |       |       |    98 |   215 ||   313
       Rpst.: Long sword |       |       |    28 |    93 |   175 |   141 ||   437
       Scimitar          |       |       |       |       |       |     2 ||     2

Table legend:
 A = Spawn XP
 B = Non-spawn XP
 C = Spawn XP percentage of total XP
 D = Spawn monster count
 E = Non-spawn monster count
 F = Spawn count percentage of total count
 G = Total turns spent on level
                    A         B        C        D         E        F      G
               +---------+---------+-------+---------+---------+-------+---------
         Total |       0 |  179545 |   0.0 |       0 |     902 |   0.0 | 31513
               +---------+---------+-------+---------+---------+-------+---------
           D:1 |       0 |      40 |   0.0 |       0 |      17 |   0.0 |   749
           D:2 |       0 |     113 |   0.0 |       0 |      18 |   0.0 |  1362
           D:3 |       0 |      78 |   0.0 |       0 |      25 |   0.0 |   908
           D:4 |       0 |     320 |   0.0 |       0 |      15 |   0.0 |   909
           D:5 |       0 |    1142 |   0.0 |       0 |      24 |   0.0 |   778
           D:6 |       0 |    1738 |   0.0 |       0 |      48 |   0.0 |   860
           D:7 |       0 |    2513 |   0.0 |       0 |      49 |   0.0 |  1427
           D:8 |       0 |     399 |   0.0 |       0 |       4 |   0.0 |   599
           D:9 |       0 |    4417 |   0.0 |       0 |      36 |   0.0 |  1064
          D:10 |       0 |    7308 |   0.0 |       0 |      51 |   0.0 |  1367
          D:11 |       0 |    4627 |   0.0 |       0 |      31 |   0.0 |  1262
          D:12 |       0 |    4030 |   0.0 |       0 |      22 |   0.0 |  1282
          D:13 |       0 |   15378 |   0.0 |       0 |      50 |   0.0 |  1220
          D:14 |       0 |   10886 |   0.0 |       0 |      40 |   0.0 |  1163
          D:15 |       0 |   18623 |   0.0 |       0 |      56 |   0.0 |  1223
        Temple |       0 |       8 |   0.0 |       0 |       2 |   0.0 |   137
        Lair:1 |       0 |    2084 |   0.0 |       0 |      15 |   0.0 |  1243
        Lair:2 |       0 |    1897 |   0.0 |       0 |       9 |   0.0 |   931
        Lair:3 |       0 |    5087 |   0.0 |       0 |      17 |   0.0 |  1677
        Lair:4 |       0 |   10274 |   0.0 |       0 |      30 |   0.0 |  1135
        Lair:5 |       0 |   12587 |   0.0 |       0 |      47 |   0.0 |  1476
        Lair:6 |       0 |   23012 |   0.0 |       0 |      67 |   0.0 |  2311
       Swamp:1 |       0 |   14540 |   0.0 |       0 |      36 |   0.0 |  1665
       Swamp:2 |       0 |    5670 |   0.0 |       0 |      16 |   0.0 |   224
       Snake:1 |       0 |   11135 |   0.0 |       0 |      23 |   0.0 |  1354
       Snake:2 |       0 |     160 |   0.0 |       0 |       1 |   0.0 |    27
         Orc:1 |       0 |    4175 |   0.0 |       0 |      54 |   0.0 |  1120
         Orc:2 |       0 |   17304 |   0.0 |       0 |      99 |   0.0 |  2040
               +---------+---------+-------+---------+---------+-------+---------
